 Dungeon Crawl Stone Soup version 0.18-b1-10-g3f7de93 (webtiles) character file.

54 Chiseanne the Magician (level 3, 0/24 HPs)
             Began as a Demonspawn Wizard on Apr 29, 2016.
             Was an Initiate of Gozag.
             Succumbed to an adder's poison
             ... on level 3 of the Dungeon.
             The game lasted 00:06:15 (2364 turns).

Chiseanne the Magician (Demonspawn Wizard)          Turns: 2364, Time: 00:06:15

Health: 0/24       AC:  3    Str:  7    XL:     3   Next: 66%
Magic:  1/8        EV: 12    Int: 25    God:    Gozag
Gold:   71         SH:  0    Dex: 11    Spells: 3 memorised, 4 levels left

rFire  . . .     SeeInvis .     h - +0 club
rCold  . . .     Gourm    .     a - +0 robe
rNeg   . . .     Faith    .     (no shield)
rPois  .         Spirit   .     b - +1 hat
rElec  .         Dismiss  .     (no cloak)
rCorr  .         Reflect  .     (no gloves)
SustAt .         Harm     .     (no boots)
MR     .....                    (no amulet)
Stlth  ++........               (no ring)
                                (no ring)

@: brilliant, lethally poisoned (0 -> -8), very slightly contaminated, not
resistant to hostile enchantments, unstealthy
A: talons 1, powered by death 1
a: Potion Petition, Call Merchant, Bribe Branch, Renounce Religion


You were on level 3 of the Dungeon.
You worshipped Gozag.
Gozag was noncommittal.
You were hungry.

You visited 1 branch of the dungeon, and saw 3 of its levels.

You collected 84 gold pieces.
You paid 13 gold pieces to Gozag.

Inventory:

Hand Weapons
 h - a +0 club (weapon)
Missiles
 i - 20 poisoned needles
 l - 120 stones (quivered)
 o - 3 needles of sleeping
 s - 36 sling bullets
Armour
 a - a +0 robe (worn)
 b - a +1 hat (worn)
Wands
 q - a wand of random effects (33/48)
Scrolls
 m - 2 scrolls of amnesia
Potions
 e - a potion of flight {unknown}
 k - a potion of magic {unknown}
 n - a potion of haste {unknown}
 p - 2 potions of might
 t - a potion of agility
Books
 c - a book of Minor Magic

   Spells                             Type                      Level
   a - Magic Dart                     Conjuration                  1
   b - Blink                          Translocation                2
   c - Call Imp                       Summoning                    2
   d - Repel Missiles                 Charms/Air                   2
   e - Slow                           Hexes                        2
   f - Conjure Flame                  Conjuration/Fire             3
   g - Mephitic Cloud                 Conjuration/Poison/Air       3
Comestibles
 d - 3 bread rations
 g - 2 meat rations
 j - 7 fruits


   Skills:
 - Level 1.7 Dodging
 - Level 1.7 Stealth
 * Level 3.6 Spellcasting
 * Level 2.7 Conjurations
   Level 1.0 Summonings
 - Level 0.8 Translocations


You had 4 spell levels left.
You knew the following spells:

 Your Spells              Type           Power        Failure   Level  Hunger
a - Magic Dart            Conj           ####         1%          1    None
b - Repel Missiles        Chrm/Air       ###...       2%          2    #......
c - Blink                 Tloc           N/A          1%          2    #......


Dungeon Overview and Level Annotations

Branches:
Dungeon (3/15)

Altars:
Gozag


Innate Abilities, Weirdness & Mutations

You have sharp toenails.
You regenerate a little health from kills.


Message History

The adder is almost dead.
You feel sick. The adder bites you.
* * * LOW HITPOINT WARNING * * *
The adder closely misses you.
You miss the adder.
The adder is almost dead.
* * * LOW HITPOINT WARNING * * *
You feel sick. The adder bites you.
* * * LOW HITPOINT WARNING * * *
The adder bites you.
* * * LOW HITPOINT WARNING * * *
You completely miss the adder.
The adder is almost dead.
* * * LOW HITPOINT WARNING * * *
You feel sick. The adder barely misses you.
Drink which item? (? for menu, Esc to quit)
It was a potion of brilliance.
You feel clever all of a sudden.
You die...
Your body crumbles into a pile of gold.

#. #.#############
#....>........#
##.............#
...............#
##......$$.....###########
..........g.wS.wg......>..
##.##..#########S#########
##. #####@### #S #.......#
#. #.......# .. +.......+
.# .. #.......# #.# ..
#.......# #.# #.......#
#.# #.......# #.#
#.......# #.#


You could see an adder, a dart slug and a hobgoblin.

Vanquished Creatures
  An adder (D:3)
  2 worms (D:2)
  A dart slug (D:1)
  A giant gecko (D:2)
  A bat (D:1)
  4 goblins
  7 hobgoblins
  2 jackals (D:3)
  4 kobolds
  A ball python (D:1)
  2 giant newts
  10 rats
36 creatures vanquished.

Notes
Turn   | Place    | Note
--------------------------------------------------------------
     0 | D:1      | Chiseanne the Demonspawn Wizard began the quest for the Orb.
     0 | D:1      | Reached XP level 1. HP: 13/13 MP: 4/4
   359 | D:1      | Gained mutation: You regenerate a little health from kills. [demonic ancestry]
   359 | D:1      | Reached XP level 2. HP: 10/19 MP: 0/6
   512 | D:1      | Learned a level 2 spell: Repel Missiles
   515 | D:1      | Learned a level 2 spell: Blink
  1627 | D:2      | Gained mutation: You have sharp toenails. [demonic ancestry]
  1627 | D:2      | Reached XP level 3. HP: 11/24 MP: 0/7
  2002 | D:2      | Found an opulent altar of Gozag.
  2013 | D:2      | Became a worshipper of Gozag Ym Sagoz the Greedy
  2362 | D:3      | HP: 1/24 [adder (1)]
  2364 | D:3      | Succumbed to an adder's poison

Skill      XL: |  1  2 |
---------------+-------+-----
Conjurations   | 2 |  2.7
Dodging        | |  1.7
Stealth        | |  1.7
Spellcasting   | |  3.6
Summonings     | |  1.0
Translocations | |  0.8

Action                   || total
-------------------------++-------
Melee: Club              ||    74
       Kick              ||     4
Throw: Stone             ||     4
 Cast: Magic Dart        ||   113
       Repel Missiles    ||     1
  Use: Scroll            ||    10
       Potion            ||     3
  Eat: Chunk             ||     4
Armor: Robe              ||    14
Dodge: Dodged            ||    85
       Deflected         ||     1
